 Dungeon Crawl Stone Soup version 0.18-a0-1804-g0930707 (webtiles) character file.

40806 Vitoldo the Blocker (level 14, -4/112 HPs)
             Began as a Hill Orc Fighter on Apr 24, 2016.
             Was a High Priest of Makhleb.
             Killed from afar by a deep elf mage (36 damage)
             ... with a bolt of lightning
             ... on level 2 of the Elven Halls on Apr 25, 2016.
             The game lasted 06:08:26 (15413 turns).

Vitoldo the Blocker (Hill Orc Fighter)             Turns: 15413, Time: 06:08:26

Health: -4/112     AC: 20    Str: 24    XL:     14   Next: 12%
Magic:  16/16      EV: 11    Int: 10    God:    Makhleb [*****.]
Gold:   1199       SH: 19    Dex: 13    Spells: 0 memorised, 13 levels left

rFire  . . .     SeeInvis +     q - +9 spear "Worm's Wrath" {drain, Int+2 Dex+3}
rCold  . . .     Gourm    .     X - +2 chain mail {MR+}
rNeg   . . .     Faith    .     Y - +0 shield {reflect}
rPois  .         Spirit   .     a - +0 helmet {SInv}
rElec  .         Dismiss  .     I - +0 cloak
rCorr  .         Reflect  +     m - +0 pair of gloves
SustAt .         Harm     .     z - +0 pair of boots
MR     ++...                    H - +5 amulet of reflection
Stlth  ..........               D - ring of ice
                                c - ring of fire

@: very resistant to hostile enchantments, extremely unstealthy
A: frail 1, sense surroundings 1
a: Minor Destruction, Lesser Servant of Makhleb, Major Destruction, Greater
Servant of Makhleb, Renounce Religion


You were on level 2 of the Elven Halls.
You worshipped Makhleb.
Makhleb was extremely pleased with you.
You were not hungry.

You visited 4 branches of the dungeon, and saw 15 of its levels.
You also visited: Bailey.

You collected 1831 gold pieces.
You spent 632 gold pieces at shops.

Inventory:

Hand Weapons
 d - a +2 vampiric hand axe
 q - the +9 spear "Worm's Wrath" (weapon) {drain, Int+2 Dex+3}
   (You found it on level 4 of the Dungeon)

   A truly terrible weapon, it drains the life of those it strikes.
   It affects your intelligence (+2).
   It affects your dexterity (+3).
 B - a +2 trident of piercing
Armour
 a - a +0 helmet of see invisible (worn)
 j - a +4 plate armour of poison resistance
 m - a +0 pair of gloves (worn)
 z - a +0 pair of boots (worn)
 A - a +5 chain mail of fire resistance
 I - a +0 cloak (worn)
 S - a +0 helmet
 X - a +2 chain mail of magic resistance (worn)
 Y - a +0 shield of reflection (worn)
Jewellery
 c - a ring of fire (left hand)
 D - a ring of ice (right hand)
 H - a +5 amulet of reflection (around neck)
Wands
 b - a wand of flame (15/48)
 e - a wand of paralysis (0/24)
 g - a wand of slowing (7/48)
 o - a wand of flame (17/48)
 r - a wand of confusion (12/48)
 x - a wand of random effects (22/48)
 E - a wand of confusion (6/48)
 K - a wand of polymorph (15/24)
 O - a wand of heal wounds (5/9)
 Q - a wand of disintegration (11/24)
Scrolls
 h - 2 scrolls of amnesia
 i - 2 scrolls of recharging
 n - a scroll of fog
 t - 4 scrolls of identify
 u - a scroll of remove curse
 y - a scroll of immolation
 N - a scroll of blinking
 U - 2 scrolls of teleportation
 V - a scroll of magic mapping
Potions
 C - a potion of agility
 G - a potion of brilliance
 T - a potion of haste
 W - a potion of curing
Books
 l - a book of Frost

   Spells                             Type                      Level
   a - Freeze                         Ice                          1
   b - Throw Frost                    Conjuration/Ice              2
   c - Ozocubu's Armour               Charms/Ice                   3
   d - Throw Icicle                   Conjuration/Ice              4
   e - Summon Ice Beast               Ice/Summoning                4
 p - a book of Battle

   Spells                             Type                      Level
   a - Infusion                       Charms                       1
   b - Shroud of Golubria             Charms/Translocation         2
   c - Song of Slaying                Charms                       2
   d - Spectral Weapon                Hexes/Charms                 3
   e - Regeneration                   Charms/Necromancy            3
 J - a book of the Tempests

   Spells                             Type                      Level
   a - Static Discharge               Conjuration/Air              3
   b - Lightning Bolt                 Conjuration/Air              5
   c - Fireball                       Conjuration/Fire             5
   d - Tornado                        Air                          9
   e - Shatter                        Earth                        9
 P - the Catalogue of Evil
   (You found it on level 1 of the Elven Halls)

   Spells                             Type                      Level
   a - Pain                           Necromancy                   1
   b - Control Undead                 Necromancy                   4
   c - Dispel Undead                  Necromancy                   5
   d - Simulacrum                     Ice/Necromancy               6
Miscellaneous
 M - a fan of gales
Comestibles
 f - 4 bread rations
 s - 2 beef jerkies
 v - 9 slices of pizza
 w - 3 meat rations
 F - 2 fruits


   Skills:
 + Level 11.9 Fighting
 + Level 6.1(10.6) Axes
 + Level 11.3(11.7) Polearms
 + Level 11.9 Armour
 + Level 5.4 Dodging
 + Level 2.7 Stealth
 + Level 14.6 Shields
 + Level 3.6 Invocations
 + Level 2.1 Evocations


You had 13 spell levels left.
You didn't know any spells.

Dungeon Overview and Level Annotations

Branches:
Dungeon (10/15)            Temple (1/1) D:6             Orc (2/2) D:10
    Elf (2/3) Orc:2
   Lair: D:8-11

Altars:
Ashenzari
Cheibriados
Dithmenos
Elyvilon
Fedhas
Gozag
Kikubaaqudgha
Makhleb
Nemelex Xobeh
Okawaru
Pakellas
Qazlal
Ru
Sif Muna
Trog
Vehumet
Xom
Yredelemnul
Zin
The Shining One
Beogh

Shops:
D:4 (   D:6 %   Orc:2 [*[?

Annotations:
D:8 Yendor's ghost, novice DsNe


Innate Abilities, Weirdness & Mutations

You are frail (-10% HP).
You passively map a small area around you.


Message History

* * * LOW HITPOINT WARNING * * *
You block the fire elemental's attack.
The fire elemental disappears in a puff of smoke!
Read which item? (? for menu, Esc to quit)
Charge which item? (? for menu, Esc to quit)
As you read the scroll of recharging, it crumbles to dust.
Your wand of heal wounds (0/9) glows for a moment and now has 5 charges.
You block the fire elemental's attack. x2
The fire elemental barely misses you.
The fire elemental disappears in a puff of smoke!
You block the fire elemental's attack.
The fire elemental disappears in a puff of smoke! x2
You block the fire elemental's attack.
The fire elemental disappears in a puff of smoke!
You puncture the deep elf knight! You drain the deep elf knight!
The deep elf knight is heavily wounded.
The deep elf mage gestures at you while chanting.
The bolt of lightning misses the deep elf knight.
The bolt of lightning hits you!
You die...

#..# *
#EE.
#.e# ,
,,#§§§
#..# ,
, #.§§
#..#,,
#..#,
, ,
#..#
#<.# ,
,* ,
#.e#,
#.@#,
, #..#
,,, ,
#..#,
#..# ,
#..# *
#..#
#..# *
#..#,
, #..#
, ,


You could see a deep elf knight (invisible) and a deep elf mage.

Vanquished Creatures
  Donald (Elf:2)
  Maud (D:10)
  2 orc warlords (D:10)
  A deep elf death mage (Elf:1)
  Fannar (Orc:1)
  Harold (D:10)
  7 dancing weapons
  6 deep elf knights (Elf:1)
  Nergalle (D:10)
  2 deep elf archers (Elf:1)
  2 hill giants (D:10)
  Pikel (D:7)
  6 orc knights
  A necromancer (Elf:1)
  12 deep elf magi
  3 orc sorcerers
  The ghost of subsebi the Skirmisher, a novice DsCK of Xom (D:5)
  2 trolls
  A two-headed ogre (Orc:2)
  Grinder (D:3)
  A spriggan (D:8)
  A wyvern (D:8)
  Eustachio (D:4)
  4 yaks (D:10)
  A fire elemental (Elf:1)
  2 hippogriffs
  2 hungry ghosts
  2 wargs
  37 orc warriors
  3 ice beasts
  5 sky beasts
  A slave (D:7)
  2 phantoms (D:9)
  2 large abominations (Elf:1)
  15 ogres
  5 centaurs
  A big kobold (D:9)
  An elf zombie (Elf:1)
  7 giant frogs
  9 gnoll sergeants
  A wyvern zombie (D:9)
  A wyvern skeleton (D:9)
  5 scorpions
  An electric eel (D:9)
  2 wights (D:10)
  A howler monkey (D:4)
  2 crimson imps
  A giant frog zombie (D:9)
  2 quasits
  3 jellies
  14 orc priests
  A centaur skeleton (D:10)
  A giant frog skeleton (D:7)
  6 gnoll shamans (Bailey)
  8 hounds
  3 iguanas
  20 orc wizards
  Ijyb (D:3)
  8 worker ants
  2 hound skeletons (D:4)
  A worker ant zombie (D:6)
  26 gnolls
  16 adders
  A shadow imp (D:6)
  3 oozes
  An adder skeleton (D:8)
  2 worms
  3 dart slugs
  7 giant geckos
  67 orcs
  10 giant cockroaches
  13 goblins
  9 hobgoblins
  9 jackals
  9 quokkas
  2 ball pythons
  10 bats
  A giant cockroach zombie (D:6)
  A giant gecko skeleton (D:8)
  9 giant newts
  10 kobolds
  A quokka zombie (D:5)
  9 rats
458 creatures vanquished.

Vanquished Creatures (collateral kills)
  2 large abominations (Elf:1)
  2 orc warriors (Orc:2)
  An elf zombie (Elf:1)
  2 wights (D:10)
  An orc (Orc:2)
8 creatures vanquished.

Vanquished Creatures (others)
  A deep elf archer (Elf:1)
  2 slaves (D:7)
  3 orc warriors (Orc:2)
  6 centaurs (Orc:2)
  A giant frog zombie (D:7)
  A worker ant (D:7)
  An adder (D:7)
  8 orcs
23 creatures vanquished.

Grand Total: 489 creatures vanquished

Notes
Turn   | Place    | Note
--------------------------------------------------------------
     0 | D:1      | Vitoldo the Hill Orc Fighter began the quest for the Orb.
     0 | D:1      | Reached XP level 1. HP: 19/19 MP: 1/1
   104 | D:1      | Reached XP level 2. HP: 24/27 MP: 2/2
   243 | D:1      | Reached XP level 3. HP: 28/33 MP: 3/3
   702 | D:2      | Reached skill level 4 in Shields
   702 | D:2      | Reached XP level 4. HP: 40/40 MP: 4/4
   889 | D:2      | Found a sacrificial altar of Ru.
  1353 | D:3      | Noticed Ijyb
  1356 | D:3      | Noticed Grinder
  1368 | D:3      | Killed Ijyb
  1379 | D:3      | Reached skill level 1 in Dodging
  1379 | D:3      | Reached XP level 5. HP: 24/46 MP: 5/5
  1420 | D:3      | Paralysed by Grinder for 6 turns
  1429 | D:3      | Killed Grinder
  1429 | D:3      | Reached skill level 5 in Fighting
  1429 | D:3      | Reached skill level 5 in Shields
  1429 | D:3      | Reached XP level 6. HP: 15/56 MP: 6/6
  1976 | D:3      | Reached skill level 1 in Stealth
  1976 | D:3      | Reached XP level 7. HP: 61/61 MP: 7/7
  1982 | D:3      | Reached skill level 5 in Axes
  2309 | D:4      | Noticed Eustachio
  2340 | D:4      | Killed Eustachio
  2459 | D:4      | Got a faintly glowing spear
  2460 | D:4      | Identified the +9 spear "Worm's Wrath" {drain, Int+2 Dex+3} (You found it on level 4 of the Dungeon)
  2541 | D:4      | Found Nangewig's Antique Weapon Boutique.
  2547 | D:4      | Bought a glowing war axe for 66 gold pieces
  2963 | D:5      | Entered Level 5 of the Dungeon
  2969 | D:5      | Reached skill level 6 in Shields
  2981 | D:5      | Reached XP level 8. HP: 62/70 MP: 8/8
  3197 | D:5      | Reached skill level 5 in Armour
  3409 | D:5      | Noticed subsebi's ghost (novice DsCK)
  3431 | D:5      | Killed subsebi's ghost
  3431 | D:5      | Reached skill level 1 in Polearms
  4139 | D:6      | Reached skill level 7 in Shields
  4512 | D:6      | Reached XP level 9. HP: 78/78 MP: 9/9
  4551 | D:6      | Found Meel's Food Shop.
  4566 | D:6      | Found a staircase to the Ecumenical Temple.
  4574 | Temple   | Entered the Ecumenical Temple
  4667 | Temple   | Became a worshipper of Makhleb the Destroyer
  5015 | D:7      | Upgraded the game from 0.18-a0-1800-gdc7a371 to 0.18-a0-1804-g0930707
  5134 | D:7      | Found a flagged portal.
  5150 | Bailey   | Entered a bailey
  5391 | Bailey   | Reached * piety under Makhleb
  5758 | Bailey   | Reached skill level 8 in Shields
  5916 | D:7      | Noticed Pikel
  5935 | D:7      | Killed Pikel
  5935 | D:7      | Reached ** piety under Makhleb
  6057 | D:7      | Reached XP level 10. HP: 82/88 MP: 10/10
  6204 | D:7      | Found a glowing golden altar of the Shining One.
  6471 | D:8      | Reached skill level 5 in Polearms
  6475 | D:8      | Gained mutation: You are frail (-10% HP). [mutagenic meat]
  6483 | D:8      | Gained mutation: You passively map a small area around you. [mutagenic meat]
  6484 | D:8      | Gained mutation: You have large cloven feet. [mutagenic meat]
  6485 | D:8      | Lost mutation: You have large cloven feet. [mutagenic meat]
  6684 | D:8      | Noticed Yendor's ghost (novice DsNe)
  7311 | D:8      | Reached skill level 9 in Shields
  7991 | D:9      | Reached *** piety under Makhleb
  8129 | D:9      | Reached skill level 1 in Evocations
  8562 | D:10     | Entered Level 10 of the Dungeon
  8821 | D:10     | Reached XP level 11. HP: 85/85 MP: 11/11
  8845 | D:10     | Reached **** piety under Makhleb
  8872 | D:10     | Reached skill level 10 in Shields
  9054 | D:10     | Noticed Maud
  9079 | D:10     | Killed Maud
  9306 | D:10     | Noticed Nergalle
  9309 | D:10     | Noticed Harold
  9328 | D:10     | Killed Nergalle
  9341 | D:10     | Killed Harold
  9534 | D:10     | Reached ***** piety under Makhleb
  9588 | D:10     | Found a staircase to the Orcish Mines.
  9593 | Orc:1    | Entered Level 1 of the Orcish Mines
  9593 | Orc:1    | Noticed an orc knight
  9711 | Orc:1    | Noticed an orc warlord
 10020 | D:10     | Killed an orc knight
 10020 | D:10     | Reached skill level 11 in Shields
 10166 | D:10     | Reached skill level 1 in Invocations
 10173 | Orc:1    | Noticed an orc knight
 10188 | D:10     | HP: 4/89 [orc warlord/great mace (31)]
 10294 | D:10     | Noticed a hill giant
 10566 | D:10     | Killed an orc warlord
 10566 | D:10     | Reached skill level 10 in Armour
 10566 | D:10     | Reached skill level 5 in Dodging
 10607 | D:10     | Noticed a hill giant
 10620 | D:10     | Killed a hill giant
 10620 | D:10     | Reached XP level 12. HP: 79/95 MP: 13/13
 10746 | Orc:1    | Reached skill level 10 in Fighting
 10783 | Orc:1    | Noticed Fannar
 10826 | Orc:1    | Killed Fannar
 10990 | Orc:1    | Noticed an orc warlord
 10996 | Orc:1    | Reached skill level 12 in Shields
 11266 | D:10     | Killed an orc warlord
 11642 | Orc:1    | Found a radiant altar of Vehumet.
 11770 | Orc:2    | Entered Level 2 of the Orcish Mines
 11796 | Orc:2    | Found a roughly hewn altar of Beogh.
 11925 | Orc:2    | Reached ****** piety under Makhleb
 12505 | Orc:2    | Reached skill level 13 in Shields
 12577 | Orc:2    | Found Musi's Antique Armour Boutique.
 12577 | Orc:2    | Found Jula's Assorted Antiques.
 12579 | Orc:2    | Found Der Ybige's Armour Emporium.
 12581 | Orc:2    | Found Vog Zeko's Magic Scroll Shop.
 12590 | Orc:2    | Bought a +0 helmet of see invisible for 207 gold pieces
 12590 | Orc:2    | Bought a +0 pair of gloves for 81 gold pieces
 12603 | Orc:2    | Bought a cloak for 148 gold pieces
 12610 | Orc:2    | Bought a scratched golden ring for 130 gold pieces
 12767 | Orc:2    | Found a staircase to the Elven Halls.
 12783 | Orc:2    | Reached XP level 13. HP: 102/102 MP: 14/14
 13336 | Elf:1    | Entered Level 1 of the Elven Halls
 13362 | Elf:1    | Reached skill level 10 in Polearms
 13730 | Elf:1    | Noticed a deep elf death mage
 13753 | Elf:1    | Killed a deep elf death mage
 13799 | Elf:1    | Killed a ghostly deep elf death mage
 13822 | Elf:1    | Identified the Catalogue of Evil
 13887 | Elf:1    | HP: 1/104 [deep elf knight/shard of ice (36)]
 13911 | Elf:1    | Reached skill level 14 in Shields
 14188 | Elf:1    | HP: 5/104 [sun demon[a deep elf mage] (19)]
 15163 | Elf:2    | Reached XP level 14. HP: 101/112 MP: 16/16
 15215 | Elf:2    | Noticed Donald
 15257 | Elf:2    | Killed Donald
 15413 | Elf:2    | Killed from afar by a deep elf mage

Vault maps used:
D:1:      dpeg_arrival_simpleton_a, minmay_misc_feat_rows,
          minmay_misc_feat_pillars
D:2:      nicolae_ru_sacrificial_ziggurat, kennysheep_generic_room_13
D:3:      uniq_iyjb, uniq_grinder
D:4:      first_bread, serial_shops, nicolae_shop_stone, uniq_eustachio
D:6:      minmay_temple_entry_large_hall, serial_shops, shop
D:7:      tso_altar, enter_bailey_3, uniq_pikel
D:8:      grunt_pizzeria
D:9:      kennysheep_big_flooded_room
D:10:     hiddenorc1_lemuel, uniq_maud, uniq_nergalle, uniq_harold
Temple:   dpeg_three_leaves_temple_18
Orc:1:    lemuel_statue_altar, uniq_fannar
Orc:2:    st_orc_rangers, basic_altar
Elf:1:    eino_elf_arrival_sip, minmay_elf_necromancy
Elf:2:    uniq_donald
Bailey:   bailey_polearm_gnolls_kennysheep, bailey

Skill      XL: |  1  2  3  4  5  6  7  8  9 10 11 12 13 |
---------------+----------------------------------------+-----
Fighting       | 4 5 6 7 8 9 10 11 | 11.9
Axes           | 3 4 5 6 |  6.1
Shields        | 4 5 6 7 8 9 11 13 14 | 14.6
Armour         | 4 6 8 9 10 11 | 11.9
Dodging        | 1 2 3 4 5 |  5.4
Stealth        | 1 2 |  2.7
Polearms       | 2 4 6 8 9 11 | 11.3
Evocations     | 1 2 |  2.1
Invocations    | 1 2 3 |  3.6

Action                   |  1- 3 |  4- 6 |  7- 9 | 10-12 | 13-15 || total
-------------------------+-------+-------+-------+-------+-------++-------
Melee: War axe           |   109 |   163 |    75 |       |       ||   347
       Spear             |       |       |   385 |  1053 |   581 ||  2019
Invok: Minor Destruction |       |       |       |     6 |       ||     6
       Lesser Servant of |       |       |       |     3 |     8 ||    11
Evoke: Wand              |       |     2 |       |     4 |    14 ||    20
  Use: Scroll            |       |     4 |     6 |    12 |     5 ||    27
       Potion            |       |     1 |     3 |    11 |       ||    15
 Stab: Paralysed         |       |     2 |       |       |       ||     2
       Distracted        |       |       |       |       |     5 ||     5
  Eat: Chunk             |       |     4 |     7 |    15 |     4 ||    30
       Royal jelly       |       |       |     1 |       |       ||     1
       Bread ration      |       |       |     1 |     4 |     1 ||     6
Armor: Scale mail        |    34 |       |       |       |       ||    34
       Chain mail        |    28 |    69 |   132 |   142 |    17 ||   388
       Plate armour      |       |       |       |    92 |    83 ||   175
Dodge: Dodged            |    32 |    31 |    71 |   146 |    58 ||   338
Block: Shield            |    69 |    81 |   184 |   671 |   292 ||  1297
       Reflection        |       |       |       |    85 |    22 ||   107
